 Dungeon Crawl Stone Soup version 0.20.0-15-g7f486f2 (webtiles) character file.

99 botchamania the Insei (level 4, -1/28 HPs)
             Began as an Octopode Transmuter on June 25, 2017.
             Slain by a killer bee (2 damage)
             ... on level 3 of the Dungeon.
             The game lasted 00:05:56 (2219 turns).

botchamania the Insei (Octopode Transmuter)         Turns: 2219, Time: 00:05:56

Health: -1/28      AC:  1    Str:  6 (9)  XL:     4   Next: 72%
Magic:  1/7        EV: 13    Int: 13 (15) God:
Gold:   107        SH:  0    Dex: 10 (13) Spells: 4/7 levels left

rFire    . . .     SeeInvis .     - Unarmed
rCold    . . .     Gourm    .   (no shield)
rNeg     . . .     Faith    .   (helmet restricted)
rPois    .         Spirit   .   (no amulet)
rElec    .         Reflect  .   (no ring)
rCorr    .         Harm     .   (no ring)
MR       .....                  (no ring)
Stlth    ++........             (no ring)
Regen    0.1/turn               (no ring)
MPRegen  0.1/turn               (no ring)
                                (no ring)
                                (no ring)

@: very slightly contaminated
A: almost no armour, stealthy swim, amphibious, 8 rings, constrict 8, camouflage
1, gelatinous body 1
a: no special abilities


You were on level 3 of the Dungeon.
You were hungry.

You visited 1 branch of the dungeon, and saw 3 of its levels.

You collected 107 gold pieces.

Inventory:

Missiles
 a - 43 arrows
 g - 21 stones (quivered)
Scrolls
 e - a scroll of remove curse
 i - a scroll of fear {unknown}
 j - a scroll of amnesia
 l - a scroll of teleportation {unknown}
Potions
 n - a potion of cancellation
Books
 b - a book of Changes

   Spells                             Type                      Level
   a - Beastly Appendage              Transmutation                1
   b - Sticks to Snakes               Transmutation                2
   c - Spider Form                    Transmutation/Poison         3
   d - Ice Form                       Ice/Transmutation            4
   e - Blade Hands                    Transmutation                5
Comestibles
 c - a bread ration


   Skills:
 - Level 1.1 Fighting
 - Level 2.2 Dodging
 + Level 4.5 Unarmed Combat
 - Level 2.2 Spellcasting
 + Level 2.8 Transmutations


You had 4 spell levels left.
You knew the following spells:

 Your Spells              Type           Power        Failure   Level  Hunger
a - Beastly Appendage     Tmut           #.....       8%          1    ##.....
b - Sticks to Snakes      Tmut           #.......     12%         2    ###....


Dungeon Overview and Level Annotations

Branches:
Dungeon (3/15)

Altars:
Yredelemnul

Annotations:
D:2 1 runed door


Innate Abilities, Weirdness & Mutations

You cannot wear most types of armour.
You are very stealthy in the water. (Stealth+)
You are amphibious.
You can wear up to eight rings at the same time.
You can use your tentacles to constrict eight enemies at once.
Your skin changes colour to match your surroundings (Stealth+).
Your rubbery body absorbs attacks. (AC +1, EV +1)


Message History

The killer bee misses you.
You aren't carrying any items that you can evoke.
Unknown command.
It was a potion of degeneration.
There was something very wrong with that liquid.
You feel weakened.
You feel dopey.
You feel clumsy. The killer bee stings you.
* * * LOW HITPOINT WARNING * * *
The killer bee closely misses you.
Blink to where?
Press: ? - help, Dir - move target cursor You are very lightly contaminated with residual magic.
As you read the scroll of blinking, it crumbles to dust.
Casting: Sticks to Snakes
Confirm with . or Enter, or press ? or * to list all spells.
You create a snake!
You now have 43 arrows.
The killer bee stings your ball python.
Your ball python dies!
The killer bee stings you.
You die...

##.......## ##.##.#####
##.....## ##..yy..y#
####...### #.#.###.# #..
.....# #...# #.# #.#
#.##.# #.#####y# #.#
#.##.#######.y.yy.y#
#.###.#........#y#######
...<.....#####.#y#
#.#......# #@#
#........# #.#
####..#.## #.# #......
..# ####.### ### #...
####


You could see 3 killer bees.

Vanquished Creatures
  A human zombie (D:2)
  An adder (D:2)
  An ooze (D:2)
  3 worms
  2 dart slugs
  A leopard gecko (D:2)
  2 giant cockroaches (D:1)
  5 goblins
  5 hobgoblins
  9 kobolds
  A ball python (D:3)
  7 bats
  4 frilled lizards
  A goblin zombie (D:2)
  2 kobold skeletons (D:2)
  4 rats
49 creatures vanquished.

Vanquished Creatures (collateral kills)
  A worm (D:2)
1 creature vanquished.

Grand Total: 50 creatures vanquished

Notes
Turn   | Place    | Note
-------+----------+-------------------------------------------
     0 | D:1      | botchamania the Octopode Transmuter began the quest for the Orb.
     0 | D:1      | Reached XP level 1. HP: 13/13 MP: 3/3
   185 | D:1      | Reached XP level 2. HP: 14/18 MP: 5/5
   650 | D:1      | Learned a level 2 spell: Sticks to Snakes
  1203 | D:2      | Reached XP level 3. HP: 18/23 MP: 4/6
  1416 | D:2      | Noticed a human
  1417 | D:2      | Found a runed door.
  1457 | D:2      | Reached skill level 4 in Unarmed Combat
  1457 | D:2      | Reached XP level 4. HP: 20/28 MP: 7/7
  1948 | D:2      | Found a basalt altar of Yredelemnul.
  2210 | D:3      | HP: 1/28 [poisoned by a killer bee]
  2215 | D:3      | HP: 1/28 [killer bee (2)]
  2219 | D:3      | Slain by a killer bee

Skill      XL: |  1  2  3 |
---------------+----------+-----
Unarmed Combat | 4 |  4.5
Fighting       | |  1.1
Dodging        | |  2.2
Spellcasting   | |  2.2
Transmutations | |  2.8

Action                   |  1- 3 |  4- 6 || total
-------------------------+-------+-------++-------
Melee: Unarmed           |    63 |    45 ||   108
       Constrict         |    19 |    12 ||    31
       Kick              |     9 |     2 ||    11
       Tentacles         |    10 |     8 ||    18
       Punch             |     2 |     2 ||     4
 Cast: Beastly Appendage |    11 |     5 ||    16
       Sticks to Snakes  |     3 |     9 ||    12
  Use: Potion            |     2 |     4 ||     6
       Scroll            |       |     5 ||     5
 Stab: Sleeping          |     2 |     3 ||     5
       Invisible         |       |     3 ||     3
  Eat: Bread ration      |     1 |       ||     1
Armor: Skin              |    11 |     5 ||    16
Dodge: Dodged            |    49 |    27 ||    76
